Unix NetHack Version 3.7.0-101 Work-in-progress - last build Mar 25 2024 11:18:41 (462964f8eaac915e699fc3a71b43428251fec12b,branch:master). Game began 2024-03-30 13:08:48, ended 2024-03-30 13:17:16. Gilette, neutral male gnomish Wizard --- --.--- --- |....-- |.-- |.....| --..| --.|..| |...-- |--.-- ----....| |..^| |.<.....------- --.--- --........--..---..------------- -- -- - --.............................................- --................------------- .......- --.........---....| -- --........| --..-- |........-----.| |...---....@B|.| --.-- --...f...| --- ---..|..| ------- Gilette the Conjurer St:13 Dx:14 Co:10 In:19 Wi:11 Ch:10 Neutral Dlvl:4 $:94 HP:0(22) Pw:43(43) AC:9 Xp:3/43 T:1508 Hungry Latest messages: You stop searching. You miss the lichen. You miss the lichen. You kill the lichen! Welcome to experience level 3. S - a lichen corpse. Wizard needs food, badly! What do you want to eat? This lichen corpse tastes okay. You finish eating the lichen corpse. You descend the stairs. You see here a spellbook of cause fear. T - a spellbook of cause fear. What do you want to read? This spellbook is difficult to comprehend. Continue? [yn] (n) y You begin to memorize the runes. You add "cause fear" to your repertoire, as 'c'. You swap places with Loki. You are beginning to feel hungry. What do you want to eat? Blecch! Rotten food! A cloud of gas puts you to sleep! You wake up. You are beginning to feel hungry. You swap places with the peaceful gnome lord. You hear crashing rock. Loki bites the gnome lord. The gnome lord misses Loki. Loki bites the gnome lord. The gnome lord hits Loki. Loki misses the gnome lord. Loki misses the gnome lord. You hear crashing rock. Loki bites the gnome lord. The gnome lord is killed! Loki eats a gnome lord corpse. You swap places with Loki. U - a scroll labeled ZLORFIK. The giant bat bites! You hit the giant bat. The giant bat bites! The giant bat bites! You miss the giant bat. The giant bat bites! The giant bat bites! You miss the giant bat. The giant bat bites! The giant bat bites! The giant bat bites! You die... Inventory: Coins ('$') $ - 94 gold pieces Amulets ('"') x - a cursed amulet of strangulation Weapons (')') N - 10 blessed +0 arrows M - an uncursed +0 arrow O - 31 uncursed corroded +0 arrows G - a blessed +0 dagger B - 2 uncursed +0 daggers L - an uncursed +0 elven dagger (weapon in left hand) a - a blessed +1 quarterstaff Armor ('[') b - an uncursed +0 cloak of magic resistance (being worn) Comestibles ('%') r - 2 uncursed food rations u - an uncursed lembas wafer Scrolls ('?') U - a blessed scroll of create monster p - 2 uncursed scrolls of enchant weapon F - an uncursed scroll of fire j - an uncursed scroll of light i - an uncursed scroll of teleportation Spellbooks ('+') T - an uncursed spellbook of cause fear l - a blessed spellbook of force bolt m - an uncursed spellbook of magic missile Potions ('!') f - an uncursed potion of blindness y - an uncursed potion of booze Q - an uncursed potion of confusion q - 3 uncursed potions of healing R - a cursed potion of object detection w - an uncursed potion of sleeping t - a potion of holy water g - an uncursed potion of water Rings ('=') e - an uncursed +1 ring of gain constitution (on left hand) d - an uncursed +3 ring of gain strength (on right hand) Wands ('/') C - an uncursed wand of digging (0:5) c - an uncursed wand of striking (0:4) Tools ('(') K - an uncursed lock pick n - an uncursed magic marker (0:21) A - a cursed tin whistle Gems/Stones ('*') I - 2 uncursed worthless pieces of blue glass J - an uncursed worthless piece of violet glass s - an uncursed worthless piece of yellow glass Gilette the Wizard's attributes: Background: You were a Conjurer, a level 3 male gnomish Wizard. You were neutral, nominally on a mission for Thoth who was opposed by Ptah (lawful) and Anhur (chaotic). You were left-handed. You were in the Gnomish Mines, on level 4. You entered the dungeon 1508 turns ago. You had 43 experience points, 37 more were needed to attain level 4. Basics: You had 0 out of 22 hit points. You had all 43 energy points (spell power). Your armor class was 9. Your wallet contained 94 zorkmids. Autopickup was on for '$?!"=/*' plus thrown, with exceptions. Final Characteristics: Your strength was 13 (base:10, limit:18/50). Your dexterity was 14 (limit:18). Your constitution was 10 (base:9, limit:18). Your intelligence was 19 (limit:19). Your wisdom was 11 (limit:18). Your charisma was 10 (limit:18). Final Status: You were hungry. You were unencumbered. You were wielding a dagger. You were unskilled in dagger. Final Attributes: You were fervently aligned. You were magic-protected. You had infravision. You were warded. You are dead. Miscellaneous: You never encountered a bones level. Total elapsed playing time was 8 minutes and 28 seconds. Major events: Turn 1: Gilette the neutral male gnomish Wizard entered the dungeon 769: entered the Gnomish Mines 1307: attained the rank of Conjurer (level 3) 1508: killed by a giant bat Vanquished creatures: a shrieker 3 gnome leaders 3 dwarves a gas spore a hobbit 3 giant rats a gnome a gnome zombie 5 geckos 2 kobolds a goblin 2 grid bugs a bat 4 lichens a kobold zombie 9 newts 39 creatures vanquished. No species were genocided or became extinct. Voluntary challenges: You were vegetarian. You were an atheist. You read items or engraved 4 times. You engraved Elbereth 2 times. You never genocided any monsters. You never polymorphed an object. You never changed form. You used no wishes. Achievements: You entered the Gnomish Mines. You attained the rank of Conjurer. The Dungeons of Doom: levels 1 to 3 Level 1: Level 2: A fountain. Stairs down to The Gnomish Mines. Level 3: A fountain. The Gnomish Mines: levels 3 to 4 Level 3: Level 4: <- You were here. Final resting place for you, killed by a giant bat. Game over: ---------- / \ / REST \ / IN \ / PEACE \ / \ | Gilette | | 94 Au | | killed by a | | giant bat | | | | | | 2024 | *| * * * | * _________)/\\_//(\/(/\)/\//\/|_)_______ Goodbye Gilette the Wizard... You died in The Gnomish Mines on dungeon level 4 with 427 points, and 94 pieces of gold, after 1508 moves. You were level 3 with a maximum of 22 hit points when you died.